 Dungeon Crawl Stone Soup version 0.29-a0-1019-g84f7d21838 (webtiles) character file.

Game seed: 11193065412017562342

7971 leavemydog the Thaumaturge (level 11, -11/60 HPs)
             Began as a Deep Elf Conjurer on Aug 10, 2022.
             Was a Priest of Vehumet.
             Killed from afar by an electric eel (12 damage)
             ... with a bolt of electricity
             ... on level 10 of the Dungeon.
             The game lasted 00:17:38 (11004 turns).

leavemydog the Thaumaturge (Deep Elf Conjurer)     Turns: 11004, Time: 00:17:38

Health: -11/60     AC: 10    Str:  4    XL:     11   Next: 3%
Magic:  33/38      EV: 12    Int: 28    God:    Vehumet [***...]
Gold:   583        SH:  0    Dex: 13    Spells: 21/35 levels left

rFire   + . .      SeeInvis .   w - staff of conjuration
rCold   . . .      Faith    .   (no shield)
rNeg    . . .      Spirit   .   b - +2 robe {rF+}
rPois   .          Reflect  .   (no helmet)
rElec   .          Harm     .   (no cloak)
rCorr   .          Rampage  .   x - +2 pair of gloves
Will    +....                   i - +2 pair of boots
Stlth   +.........              e - amulet of regeneration
HPRegen 1.00/turn               q - ring of wizardry
MPRegen 0.26/turn               u - ring of magical power

@: very slow
A: no striking features
a: Renounce Religion


You were on level 10 of the Dungeon.
You worshipped Vehumet.
Vehumet was most pleased with you.
You visited 2 branches of the dungeon, and saw 11 of its levels.

You collected 583 gold pieces.

Inventory:

Missiles
 p - a throwing net
Armour
 b - a +2 robe of fire resistance (worn)
 i - a +2 pair of boots (worn)
 x - a +2 pair of gloves (worn)
 D - +0 acid dragon scales
Magical Staves
 k - a staff of fire
 w - a staff of conjuration (weapon)
Jewellery
 e - an amulet of regeneration (around neck)
 m - an amulet of the acrobat
 q - a ring of wizardry (left hand)
 u - a ring of magical power (right hand)
 F - a ring of magical power
 G - a +6 ring of intelligence
Wands
 v - a wand of flame (9)
 y - a wand of charming (10)
Scrolls
 a - a scroll of silence {unknown}
 c - a scroll of amnesia {unknown}
 d - 2 scrolls of enchant armour
 g - a scroll of butterflies {unknown}
 h - 6 scrolls of teleportation
 j - 4 scrolls of vulnerability
 l - a scroll of torment {unknown}
 o - 2 scrolls of enchant weapon {unknown}
 s - 3 scrolls of magic mapping
 t - 2 scrolls of poison {unknown}
 z - a scroll of noise {unknown}
Potions
 f - 2 potions of curing
 n - a potion of brilliance {unknown}
 r - 2 potions of berserk rage {unknown}
 A - a potion of haste {unknown}
 B - a potion of attraction {unknown}
 C - a potion of mutation {unknown}
 E - a potion of lignification {unknown}


   Skills:
 * Level 3.8 Fighting
 - Level 2.4 Dodging
 - Level 2.4 Stealth
 + Level 12.9 Spellcasting
 + Level 11.6 Conjurations
 - Level 7.4 Hexes
 - Level 7.2 Translocations


You had 21 spell levels left.
You knew the following spells:

 Your Spells              Type           Power      Damage    Failure   Level
a - Magic Dart            Conj           100%       1d8       1%          1
b - Searing Ray           Conj           100%       2d8       1%          2
c - Iskenderun's Mystic   Conj/Tloc      82%        2d16      1%          4
d - Fulminant Prism       Conj/Hex       41%        3d20      1%          4
e - Dazzling Flash        Conj/Hex       100%       N/A       1%          3

Your spell library contained the following spells:

 Spells                   Type           Power      Damage    Failure   Level
 Mephitic Cloud           Conj/Pois/Air  56%        N/A       1%          3
 Ensorcelled Hibernation  Hex/Ice        78%        N/A       1%          2
 Sublimation of Blood     Necr           18%        N/A       1%          2
 Irradiate                Conj/Tmut      33%        3d22      1%          5
 Anguish                  Hex/Necr       19%        N/A       2%          4
 Spider Form              Tmut/Pois      18%        N/A       3%          3
 Petrify                  Tmut/Erth      18%        N/A       12%         4


Dungeon Overview and Level Annotations

Branches:
Dungeon (10/15)            Temple (1/1) D:5            Lair (0/5) D:8
    Orc (0/2) D:10

Altars:
Ashenzari
Cheibriados
Dithmenos
Elyvilon
Fedhas
Gozag
Hepliaklqana
Kikubaaqudgha
Makhleb
Nemelex Xobeh
Okawaru
Qazlal
Ru
Sif Muna
Trog
Uskayaw
Vehumet
Wu Jian
Xom
Yredelemnul
Zin
The Shining One

Annotations:
D:4 1 runed translucent door, t4s4d4r's ghost, amateur OpCj


Message History

The electric eel shoots out a bolt of lightning at you!
The bolt of electricity hits you.
An electric eel comes into view.
You feel a surge of power!
The magic dart hits the electric eel.
The electric eel is moderately wounded.
The electric eel shoots out a bolt of lightning at you!
The bolt of electricity hits you.
The electric eel shoots out a bolt of lightning at you!
The bolt of electricity hits you!
You are too injured to fight recklessly!
Casting: Magic Dart (safe; 1% risk of failure)
Confirm with . or Enter, or press ? or * to list all spells.
Aiming: Fulminant Prism (safe; 1% risk of failure)
Press: ? - help, Dir - move target, p - electric eel You feel a surge of power!
You conjure a prism of explosive energy!
A fulminant prism comes into view.
An electric eel comes into view.
The electric eel shoots out a bolt of lightning at you!
The bolt of electricity hits you.
The electric eel shoots out a bolt of lightning at you!
The bolt of electricity hits you!
* * * LOW HITPOINT WARNING * * *
The electric eel shoots out a bolt of lightning at you!
The bolt of electricity hits your fulminant prism.
Your fulminant prism resists.
The bolt of electricity hits you.
* * * LOW HITPOINT WARNING * * *
Okay, then.
Okay, then.
You feel better.
The electric eel shoots out a bolt of lightning at you!
The bolt of electricity hits the electric eel.
The electric eel completely resists.
The bolt of electricity hits you!
* * * LOW HITPOINT WARNING * * *
The electric eel shoots out a bolt of lightning at you!
The bolt of electricity hits you!
* * * LOW HITPOINT WARNING * * *
The electric eel shoots out a bolt of lightning at you!
The bolt of electricity hits you!
You die...

### ##~## #######
######~~~####.....##
.....~~~~~........~##
####~~~~~~~##.....~~##
#~~~~~~~~~###.†~~~~##~
##~~~~~~~~~~###~~~~~~~~~
.~~~~~~~~~~~....@~~~*~~S
##~~~~~~~~....##.~~~~~SS
...~~~~~~~....+...~~~S~~
####~~~~~~....###.##~~~~
. ~~~~~.... .. #~~~
######~~~#.... #.# #~~
##...<#~###### .. ~
....#.....# #.#
....#.....#


You could see 4 electric eels and a friendly fulminant prism.

Vanquished Creatures
  A two-headed ogre (D:8)
  Joseph (D:8)
  A komodo dragon (D:8)
  2 hornets
  10 yaks
  Eustachio (D:4)
  2 wyverns
  Duvessa (D:5)
  4 water moccasins (D:8)
  An acid dragon (D:9)
  3 orc warriors
  An ice beast (D:7)
  3 black bears
  4 centaurs
  2 kobold brigands
  4 bullfrogs (D:8)
  3 necrophages
  A scorpion (D:5)
  14 wights
  Dowan (D:5)
  6 killer bees (D:9)
  6 howler monkeys
  3 electric eels (D:10)
  A jelly (D:8)
  7 orc priests
  2 gnoll boudas (D:8)
  2 hounds (D:5)
  An iguana (D:5)
  8 orc wizards
  16 gnolls
  14 adders
  A shadow imp (D:7)
  2 white imps
  An ufetubus (D:5)
  2 dart slugs
  22 orcs
  9 ball pythons
  5 endoplasms
  A giant cockroach (D:4)
  4 goblins
  3 hobgoblins
  11 jackals
  3 quokkas
  6 bats
  A frilled lizard (D:1)
  6 kobolds
  10 rats
213 creatures vanquished.

Vanquished Creatures (others)
  12 fulminant prisms
  50 fungi (D:8)
  36 plants (D:8)
98 creatures vanquished.

Grand Total: 311 creatures vanquished

Notes
Turn   | Place    | Note
-------+----------+-------------------------------------------
     0 | D:1      | leavemydog the Deep Elf Conjurer began the quest for the
                  | Orb.
     0 | D:1      | Reached XP level 1. HP: 10/10 MP: 6/6
   150 | D:1      | Reached XP level 2. HP: 15/15 MP: 2/8
   318 | D:1      | Learned a level 2 spell: Searing Ray
   416 | D:1      | Reached skill level 5 in Conjurations
   554 | D:1      | Found a faded altar of an unknown god.
  1012 | D:2      | Reached XP level 3. HP: 19/19 MP: 2/9
  1498 | D:2      | Reached XP level 4. HP: 24/24 MP: 5/11
  1564 | D:2      | Learned a level 4 spell: Iskenderun's Mystic Blast
  1775 | D:2      | Reached skill level 4 in Spellcasting
  2748 | D:3      | Reached skill level 1 in Translocations
  2873 | D:4      | Reached XP level 5. HP: 28/28 MP: 8/13
  2918 | D:4      | Found a sparkling altar of Nemelex Xobeh.
  3141 | D:4      | Reached skill level 5 in Spellcasting
  3141 | D:4      | Reached XP level 6. HP: 32/32 MP: 6/15
  3418 | D:4      | Found a runed translucent door.
  3930 | D:4      | Found a glowing silver altar of Zin.
  3941 | D:4      | Reached skill level 6 in Spellcasting
  3986 | D:4      | Reached XP level 7. HP: 36/36 MP: 13/18
  4080 | D:4      | Noticed Eustachio
  4087 | D:4      | Killed Eustachio
  4178 | D:4      | Noticed t4s4d4r's ghost (amateur OpCj)
  4247 | D:5      | Entered Level 5 of the Dungeon
  4255 | D:5      | Found a staircase to the Ecumenical Temple.
  4265 | Temple   | Entered the Ecumenical Temple
  4265 | Temple   | Found a transporter.
  4265 | Temple   | Found a transporter.
  4267 | Temple   | Found a transporter.
  4267 | Temple   | Found a transporter.
  4287 | Temple   | Became a worshipper of Vehumet
  4354 | D:5      | Reached skill level 7 in Spellcasting
  4407 | D:5      | Learned a level 4 spell: Fulminant Prism
  4659 | D:5      | Noticed Dowan
  4659 | D:5      | Noticed Duvessa
  4676 | D:5      | Killed Duvessa
  4677 | D:5      | Reached skill level 1 in Hexes
  4677 | D:5      | Killed Dowan
  4808 | D:5      | Reached XP level 8. HP: 41/41 MP: 15/21
  5366 | D:5      | Reached skill level 8 in Spellcasting
  5834 | D:6      | Found an ancient bone altar of Kikubaaqudgha.
  5856 | D:6      | Found a burning altar of Makhleb.
  6363 | D:6      | Found an ornate altar of the Wu Jian Council.
  6884 | D:7      | Reached skill level 9 in Spellcasting
  7070 | D:7      | Reached skill level 5 in Translocations
  7078 | D:7      | Reached XP level 9. HP: 17/45 MP: 2/24
  7214 | D:7      | Learned a level 3 spell: Dazzling Flash
  7355 | D:7      | Reached * piety under Vehumet
  7355 | D:7      | Offered knowledge of Foxfire by Vehumet.
  7604 | D:7      | Reached skill level 10 in Spellcasting
  7802 | D:7      | Reached skill level 5 in Hexes
  7955 | D:8      | Reached skill level 1 in Fighting
  8081 | D:8      | Noticed a komodo dragon
  8092 | D:8      | Killed a komodo dragon
  8093 | D:8      | Reached skill level 10 in Conjurations
  8439 | D:8      | Reached skill level 11 in Spellcasting
  8660 | D:8      | Found a staircase to the Lair.
  8773 | D:8      | Reached XP level 10. HP: 52/53 MP: 27/27
  8837 | D:8      | Noticed a two-headed ogre
  8846 | D:8      | Killed a two-headed ogre
  9340 | D:8      | Offered knowledge of Shock by Vehumet.
  9389 | D:8      | Noticed Joseph
  9396 | D:8      | Reached ** piety under Vehumet
  9404 | D:8      | Killed Joseph
  9675 | D:8      | Found a stormy altar of Qazlal.
  9720 | D:9      | Reached skill level 12 in Spellcasting
  9998 | D:9      | Offered knowledge of Mephitic Cloud by Vehumet.
 10686 | D:10     | Entered Level 10 of the Dungeon
 10699 | D:10     | Reached *** piety under Vehumet
 10700 | D:10     | Reached XP level 11. HP: 60/60 MP: 29/29
 10783 | D:10     | Found a staircase to the Orcish Mines.
 10843 | D:10     | Found a white marble altar of Elyvilon.
 11004 | D:10     | HP: 1/60 [electric eel/bolt of electricity (7)]
 11004 | D:10     | Killed from afar by an electric eel

Illustrated notes

Levels and vault maps discovered:
D:1:      scummos_arrival_hexagon, layout_loops_ring, basic_ecumenical_altar,
          amcnicky_mini_corridor_feature
D:2:      layout_basic
D:3:      layout_loops_cross, minmay_statues_item
D:4:      layout_loops_ring, nicolae_overflow_crystal_walls,
          mainiacjoe_overflow_boulevard, ebering_ghost_sewer_d, uniq_eustachio
D:5:      minmay_spotlight, layout_cave_pods, minmay_temple_entry_trees,
          uniq_duvessa
D:6:      layout_basic, amcnicky_altar_gilded, mainiacjoe_overflow_catwalk,
          kennysheep_mini_moat
D:7:      layout_basic
D:8:      minmay_angry_zag, layout_basic, mainiacjoe_overflow_surrounded_room,
          due_lair_maze_entry_diamond, uniq_joseph
D:9:      layout_loops_ring, david_defended_altar_orc
D:10:     layout_basic, kennysheep_little_box, orc_0_dummy
Temple:   hellmonk_temple_divided_pantheon

Skill      XL: |  1  2  3  4  5  6  7  8  9 10 |
---------------+-------------------------------+-----
Conjurations   | 5 6 7 8 9 10 11 | 11.6
Spellcasting   | 4 5 6 7 9 11 12 | 12.9
Translocations | 1 3 5 6 7 |  7.2
Hexes          | 1 4 6 7 |  7.4
Fighting       | 2 3 |  3.8
Dodging        | |  2.4
Stealth        | |  2.4

Action                   |  1- 3 |  4- 6 |  7- 9 | 10-12 || total
-------------------------+-------+-------+-------+-------++-------
Melee: Unarmed           |     7 |       |       |       ||     7
       Staff             |       |    27 |       |     1 ||    28
       Punch             |       |     1 |       |       ||     1
 Cast: Magic Dart        |    58 |    96 |   194 |   126 ||   474
       Searing Ray       |       |     5 |    20 |    18 ||    43
       Iskenderun's Myst |       |       |    23 |    13 ||    36
       Fulminant Prism   |       |       |     5 |     8 ||    13
  Use: Scroll            |       |     6 |     3 |     3 ||    12
       Potion            |       |       |     2 |     2 ||     4
Armor: Robe              |     4 |    19 |    18 |    12 ||    53
Dodge: Dodged            |    10 |    24 |    56 |    42 ||   132

Table legend: (Time is in decaauts)
 A = Elapsed time spent in this place.
 B = Non-inter-level travel time spent in this place.
 C = Inter-level travel time spent in this place.
 D = Time resting spent in this place.
 E = Time spent auto-exploring this place.
 F = Levels seen in this place.
 G = Mean time per level.
                   A        B        C        D        E       F      G
               +--------+--------+--------+--------+--------+-----+--------+
         Total |  11015 |  10672 |    343 |   3000 |   6437 |  11 | 1001.4 |
       Dungeon |  10958 |  10633 |    325 |   3000 |   6432 |  10 | 1095.8 |
        Temple |     57 |     39 |     18 |      0 |      5 |   1 |   57.0 |
               +--------+--------+--------+--------+--------+-----+--------+

Top non-repeatable levels by time:
     D:8: 1809 daAuts
     D:4: 1385 daAuts
     D:6: 1251 daAuts
     D:2: 1236 daAuts
     D:5: 1224 daAuts
     D:7: 1113 daAuts
     D:1: 989 daAuts
     D:9: 983 daAuts
     D:3: 641 daAuts
    D:10: 322 daAuts
  Temple: 57 daAuts
